 Dungeon Crawl Stone Soup version 0.27-a0-203-gd48b2df3c9 (webtiles) character file.

Game seed: 11652266011476488676

126501 jasper the Thaumaturge (level 16, -2/81 HPs)
             Began as a Spriggan Venom Mage on Jan 29, 2021.
             Was the Champion of Vehumet.
             Killed from afar by an eleionoma (40 damage)
             ... with a spray of wooden splinters
             ... on level 2 of the Swamp on Jan 30, 2021.
             The game lasted 01:49:46 (39496 turns).

jasper the Thaumaturge (Spriggan Venom Mage)       Turns: 39496, Time: 01:49:47

Health: -2/81      AC:  6    Str:  4    XL:     16   Next: 44%
Magic:  31/35      EV: 27    Int: 23    God:    Vehumet [******]
Gold:   611        SH: 16    Dex: 17    Spells: 10/43 levels left

rFire    + + +     SeeInvis +   X - +3 dagger (venom)
rCold    x x .     Faith    .   m - +3 buckler {rF+}
rNeg     . . .     Spirit   .   L - +2 robe "Fineob" {Dex+2}
rPois    +         Reflect  +   (helmet restricted)
rElec    .         Harm     .   D - +1 cloak
rCorr    .         Rampage  .   (gloves unavailable)
Will     ++++.                  (boots unavailable)
Stlth    ++++++....             r - amulet of reflection
HPRegen  0.23/turn              U - ring of the Greedy {Fire rPois Will++ Dex-2 Stlth+}
MPRegen  0.24/turn              e - ring of fire

@: very quick
A: very small, unfitting armour, see invisible, speed 3
a: Renounce Religion


You were on level 2 of the Swamp.
You worshipped Vehumet.
Vehumet was exalted by your worship.
You visited 4 branches of the dungeon, and saw 25 of its levels.
You also visited: Bailey and Ice Cave.

You collected 2591 gold pieces.
You spent 1980 gold pieces at shops.

Inventory:

Hand Weapons
 X - a +3 dagger of venom (weapon)
Missiles
 C - 566 stones
 S - 4 throwing nets
Armour
 a - a +0 robe
 m - a +3 buckler of fire resistance (worn)
 D - a +1 cloak (worn)
 L - the +2 robe "Fineob" (worn) {Dex+2}
   (You found it on level 6 of the Lair of Beasts)

   It affects your dexterity (+2).
 W - +0 swamp dragon scales
Magical Staves
 B - an uncursed staff of fire
Jewellery
 e - a ring of fire (right hand)
 g - an uncursed amulet of magic regeneration
 k - an uncursed ring of resist corrosion
 p - an uncursed ring of poison resistance
 r - an amulet of reflection (around neck)
 G - the ring "Vuvur" {Wiz Int+4}
   (You acquired it on level 8 of the Dungeon)

   [ring of wizardry]

   It improves your spell success rate.
   It affects your intelligence (+4).
 K - an uncursed ring of ice
 M - an uncursed ring of positive energy
 U - the ring of the Greedy (left hand) {Fire rPois Will++ Dex-2 Stlth+}
   (You bought it in a shop on level 10 of the Dungeon)

   [ring of fire]

   It enhances your fire magic.
   It affects your dexterity (-2).
   It protects you from fire.
   It makes you vulnerable to cold.
   It protects you from poison.
   It affects your willpower, your defense against some magical effects.
   It makes you more stealthy.
Wands
 i - a wand of paralysis (9)
 y - a wand of digging (9)
 A - a wand of flame (34)
 E - a wand of mindburst (15)
 F - a wand of iceblast (9)
 H - a wand of polymorph (13)
 T - a wand of acid (9)
Scrolls
 d - 18 scrolls of teleportation
 j - 11 scrolls of remove curse
 l - a scroll of fear
 n - 6 scrolls of magic mapping
 o - 2 scrolls of enchant armour
 q - 6 scrolls of immolation
 s - 5 scrolls of blinking
 v - 9 scrolls of enchant weapon
 w - 3 scrolls of noise
 x - 6 scrolls of amnesia
 I - a scroll of brand weapon
 Q - 3 scrolls of vulnerability
 Y - a scroll of identify
Potions
 b - 2 potions of brilliance
 c - 4 potions of might
 f - 2 potions of flight
 h - 3 potions of haste
 t - 12 potions of ambrosia
 u - 4 potions of mutation
 z - 10 potions of curing
 J - 5 potions of lignification
 N - 4 potions of heal wounds
 P - 7 potions of magic
 R - a potion of attraction
 Z - a potion of cancellation {unknown}
Miscellaneous
 O - a box of beasts
 V - a phial of floods


   Skills:
 - Level 7.7 Fighting
 - Level 11.6 Dodging
 - Level 12.5 Stealth
 + Level 7.0 Shields
 + Level 14.0 Spellcasting
 * Level 12.1 Conjurations
 - Level 3.0 Transmutations
 * Level 11.4 Fire Magic
 - Level 2.0 Air Magic
 - Level 3.0 Earth Magic
 - Level 7.0 Poison Magic


You had 10 spell levels left.
You knew the following spells:

 Your Spells              Type           Power        Failure   Level
a - Sting                 Tmut/Pois      100%         1%          1
b - Mephitic Cloud        Conj/Pois/Air  48%          1%          3
c - Ignite Poison         Fire/Tmut/Pois 84%          1%          3
d - Olgreb's Toxic Radia  Pois           48%          1%          4
e - Sticky Flame          Conj/Fire      100%         1%          4
f - Fireball              Conj/Fire      51%          1%          5
g - Starburst             Conj/Fire      51%          1%          6
h - Orb of Destruction    Conj           32%          6%          7

Your spell library contained the following spells:

 Spells                   Type           Power        Failure   Level
 Lehudib's Crystal Spear  Conj/Erth      25%          92%         8
 Foxfire                  Conj/Fire      100%         1%          1
 Freeze                   Ice            64%          1%          1
 Poisonous Vapours        Pois/Air       72%          1%          2
 Conjure Flame            Conj/Fire      100%         1%          3
 Inner Flame              Hex/Fire       77%          1%          3
 Stone Arrow              Conj/Erth      100%         1%          3
 Hailstorm                Conj/Ice       44%          1%          4
 Bolt of Magma            Conj/Fire/Erth 45%          1%          5
 Corpse Rot               Necr/Air       N/A          3%          2
 Frozen Ramparts          Ice            32%          3%          3
 Ozocubu's Armour         Ice            16%          11%         3
 Eringya's Noxious Bog    Tmut/Pois      19%          19%         6
 Summon Ice Beast         Ice/Summ       16%          36%         4
 Ignition                 Fire           50%          47%         8
 Summon Forest            Summ/Tloc      8%           71%         5
 Summon Mana Viper        Hex/Summ       16%          71%         5
 Hydra Form               Tmut           14%          86%         6
 Shadow Creatures         Summ           N/A          99%         6
 Summon Hydra             Summ           8%           100%        7


Dungeon Overview and Level Annotations

Branches:
Dungeon (15/15)            Temple (0/1) D:7            Lair (6/6) D:9
  Swamp (2/4) Lair:2       Spider (0/4) Lair:2        Slime (0/5) Lair:6
    Orc (2/2) D:12            Elf (0/3) Orc:2        Vaults (0/5) D:13
 Depths (0/5) D:15         Bailey (visited)           IceCv (visited)

Altars:
Ashenzari
Cheibriados
Elyvilon
Fedhas
Hepliaklqana
Kikubaaqudgha
Okawaru
Qazlal
Ru
Trog
Vehumet
Wu Jian
Jiyva

Shops:
D:4 [   D:10 !=([   D:11 ?   D:15 [[}   Orc:2 [(*:

Annotations:
D:14 Roxanne
Lair:2 exclusion: 3 oklob plants
Swamp:2 Louise


Innate Abilities, Weirdness & Mutations

You are very small and have problems with some larger weapons.
You are too small for most types of armour.
You have supernaturally acute eyesight. (SInv)
You cover ground extremely quickly.


Message History

Level annotation: Louise The eleionoma melds with the trees.
There is a stone staircase leading up here.
Casting: Sticky Flame (safe; 1% risk of failure)
Confirm with . or Enter, or press ? or * to list all spells.
Aiming: Sticky Flame (safe; 1% risk of failure)
Press: ? - help, Shift-Dir - straight line, f - eleionoma
Aim: an eleionoma (0% to evade)
You feel a strong surge of power!
The sticky flame hits the eleionoma.
The eleionoma is lightly wounded.
The eleionoma is covered in liquid flames!
The eleionoma burns!
The eleionoma hurls a spray of splinters at you.
The spray of wooden splinters hits you!!!
Ouch! That really hurt!
You take 43 damage, and have 38/81 hp.
MASSIVE DAMAGE!!
You now have 31/35 mp.
The eleionoma burns!
The eleionoma hurls a spray of splinters at you.
The spray of wooden splinters hits you!!!
You die...

♣♣♣♣#♣...#♣♣
..≈.≈.≈≈≈≈.
≈.≈≈.≈≈≈.$.
>..≈≈≈≈.≈
♣♣♣≈.≈≈≈≈♣
≈§≈.≈≈.≈≈♣
§.≈.≈§≈≈≈♣≈♣≈≈.
≈.≈≈...@≈≈≈...≈
.≈≈♣♣♣R≈≈≈≈.♣≈≈
♣♣♣.§.♣♣ ♣♣♣♣


You could see an eleionoma (burning).

Vanquished Creatures
  Rupert (Lair:3)
  Donald (D:12)
  A fenstrider witch (Swamp:2)
  An orc warlord (Orc:1)
  Nessos (Lair:4)
  2 bunyips (Swamp:1)
  A dire elephant (D:15)
  An eleionoma (Swamp:1)
  2 vault guards (D:13)
  12 hydras
  Harold (Lair:1)
  A ghost crab (Swamp:2)
  21 two-headed ogres
  5 ogre magi
  2 catoblepae (Lair:6)
  8 death yaks
  A centaur warrior (D:14)
  3 alligators
  2 spriggans (Swamp:2)
  Nergalle (D:10)
  A spriggan druid (Swamp:2)
  3 skeletal warriors
  An unseen horror (D:11)
  3 goliath frogs
  A swamp dragon (Swamp:1)
  A bog body (Swamp:1)
  6 orc knights
  4 deep elf pyromancers
  2 orc sorcerers (Orc:1)
  A wolf spider (D:15)
  4 ugly things
  3 manticores
  A will-o-the-wisp (Swamp:2)
  4 cyclopes
  Maurice (D:10)
  4 black mambas
  17 elephants
  A torpor snail (Lair:6)
  A gargoyle (D:10)
  30 cane toads
  A kobold demonologist (D:14)
  5 rime drakes
  6 komodo dragons
  An efreet (D:15)
  A tengu conjurer (D:15)
  8 trolls
  3 meliai (D:12)
  A bloated husk (Swamp:1)
  2 queen bees
  3 polar bears
  9 tyrant leeches
  8 slime creatures (D:15)
  22 blink frogs
  2 dream sheep (Lair:5)
  4 hornets
  A shadow (D:11)
  A tarantella (shapeshifter) (D:15)
  2 wraiths
  9 wyverns
  A vampire (D:15)
  9 humans (D:13)
  7 basilisks
  33 yaks
  10 vampire mosquitoes
  Grum (D:8)
  2 wargs
  2 steam dragons
  5 swamp worms
  19 water moccasins
  4 black bears (D:9)
  6 sky beasts
  4 ice beasts
  3 swamp drakes
  A necrophage (D:6)
  36 ogres
  24 orc warriors
  5 wolves
  14 centaurs
  3 big kobolds
  33 bullfrogs
  A wyvern zombie (D:11)
  A wyvern skeleton (D:14)
  8 scorpions
  61 killer bees
  6 wights
  2 electric eels (Lair:2)
  5 howler monkeys
  4 bullfrog zombies
  A quasit (D:9)
  A centaur zombie (D:12)
  2 centaur skeletons
  9 hounds
  A gnoll shaman (D:6)
  18 orc priests
  An iron imp (D:5)
  4 jellies
  3 bullfrog skeletons
  3 iguanas
  18 orc wizards
  6 hell rats (Lair:3)
  17 worker ants
  A howler monkey zombie (D:6)
  A worker ant zombie (D:7)
  A river rat (Lair:3)
  9 adders
  9 gnolls
  7 shadow imps
  2 white imps
  3 ufetubi
  An ooze (D:3)
  An adder zombie (D:6)
  An adder skeleton (D:7)
  5 worms
  4 dart slugs
  7 leopard geckos
  76 orcs
  8 bats
  2 giant cockroaches
  9 goblins
  12 hobgoblins
  7 jackals
  8 kobolds
  A ball python (D:6)
  4 frilled lizards
  A jackal zombie (D:8)
  A quokka skeleton (D:8)
  3 rats
824 creatures vanquished.

Vanquished Creatures (others)
  A bloated husk (Swamp:1)
  A tyrant leech (Swamp:2)
  A human (D:13)
  4 foxfires (Swamp:2)
  49 fungi
  182 plants
238 creatures vanquished.

Grand Total: 1062 creatures vanquished

Notes
Turn   | Place    | Note
-------+----------+-------------------------------------------
     0 | D:1      | jasper the Spriggan Venom Mage began the quest for the Orb.
     0 | D:1      | Reached XP level 1. HP: 9/9 MP: 5/5
   273 | D:1      | Reached XP level 2. HP: 13/13 MP: 4/6
   409 | D:1      | Reached skill level 3 in Spellcasting
   566 | D:1      | You fall into a shaft and drop 1 floor!
   649 | D:2      | Reached XP level 3. HP: 15/16 MP: 0/8
   896 | D:1      | Learned a level 3 spell: Mephitic Cloud
   900 | D:1      | Learned a level 3 spell: Ignite Poison
  1783 | D:3      | Reached XP level 4. HP: 14/21 MP: 2/9
  2957 | D:3      | Reached XP level 5. HP: 20/24 MP: 6/11
  2972 | D:3      | Learned a level 4 spell: Olgreb's Toxic Radiance
  3444 | D:4      | Found Roxtaned's Armour Emporium.
  3452 | D:4      | Bought a +0 cloak for 63 gold pieces
  3659 | D:4      | Reached skill level 1 in Conjurations
  3734 | D:4      | Found a radiant altar of Vehumet.
  3742 | D:4      | Became a worshipper of Vehumet
  4240 | D:4      | Reached skill level 1 in Fire Magic
  4240 | D:4      | Reached skill level 1 in Air Magic
  4502 | D:4      | Found an iron altar of Okawaru.
  4516 | D:4      | Reached XP level 6. HP: 16/28 MP: 2/12
  4675 | D:4      | Reached skill level 5 in Stealth
  5066 | D:5      | Entered Level 5 of the Dungeon
  5391 | D:5      | Reached skill level 4 in Spellcasting
  5476 | D:5      | Found a snail-covered altar of Cheibriados.
  5493 | D:5      | Reached skill level 5 in Dodging
  5866 | D:6      | Reached * piety under Vehumet
  5866 | D:6      | Offered knowledge of Freeze by Vehumet.
  5995 | D:6      | Reached XP level 7. HP: 32/32 MP: 6/14
  6141 | D:6      | Found a blossoming altar of Fedhas.
  7005 | D:6      | Reached skill level 5 in Spellcasting
  7157 | D:6      | Reached XP level 8. HP: 36/36 MP: 16/16
  7188 | D:6      | Reached skill level 5 in Poison Magic
  7423 | D:6      | Offered knowledge of Shock by Vehumet.
  7669 | D:6      | Reached ** piety under Vehumet
  8256 | D:7      | Found a staircase to the Ecumenical Temple.
  8294 | D:7      | Found a white marble altar of Elyvilon.
  8427 | D:7      | Found a sacrificial altar of Ru.
  8819 | D:7      | Reached skill level 6 in Spellcasting
  9410 | D:7      | Found a blossoming altar of Fedhas.
  9415 | D:7      | Found a stormy altar of Qazlal.
  9415 | D:7      | Found an ornate altar of the Wu Jian Council.
  9456 | D:7      | Reached skill level 1 in Fighting
  9583 | D:8      | Learned a level 4 spell: Sticky Flame
  9630 | D:8      | Found Niwaepre's Magic Scroll Boutique.
  9638 | D:8      | Bought a scroll of identify for 20 gold pieces
  9638 | D:8      | Bought a scroll of identify for 20 gold pieces
  9638 | D:8      | Bought a scroll of magic mapping for 35 gold pieces
  9638 | D:8      | Bought a scroll of immolation for 35 gold pieces
  9658 | D:8      | Found an ancient bone altar of Kikubaaqudgha.
  9687 | D:8      | Reached XP level 9. HP: 38/41 MP: 16/19
  9713 | D:8      | Offered knowledge of Frozen Ramparts by Vehumet.
  9872 | D:8      | Found a broken altar of Ashenzari.
 10098 | D:8      | Noticed Grum
 10124 | D:8      | Reached *** piety under Vehumet
 10143 | D:8      | Killed Grum
 10668 | D:8      | Found a bloodstained altar of Trog.
 11215 | D:9      | Learned a level 5 spell: Fireball
 11329 | D:9      | Found a hazy altar of Hepliaklqana.
 11430 | D:9      | Noticed a troll
 11438 | D:9      | Killed a troll
 11439 | D:9      | Reached skill level 7 in Spellcasting
 11776 | D:9      | Reached XP level 10. HP: 47/47 MP: 17/21
 11791 | D:9      | Offered knowledge of Hailstorm by Vehumet.
 12120 | D:9      | Found a staircase to the Lair.
 12434 | D:10     | Entered Level 10 of the Dungeon
 12452 | D:10     | Reached skill level 10 in Stealth
 12722 | D:10     | Found Urushrot's Antique Weapon Boutique.
 12830 | D:10     | Found Jautu's Armour Shop.
 12884 | D:10     | Noticed Maurice
 12893 | D:10     | Killed Maurice
 12996 | D:10     | Found Zewizo's Jewellery Shoppe.
 13032 | D:10     | Noticed Nergalle
 13032 | D:10     | Noticed a gargoyle
 13046 | D:10     | Noticed a spectral orc warlord
 13046 | D:10     | Killed Nergalle
 13151 | D:11     | Noticed a cyclops
 13543 | D:11     | Noticed a purple ugly thing
 13794 | Lair:1   | Entered Level 1 of the Lair of Beasts
 13825 | Lair:1   | Reached skill level 8 in Spellcasting
 14096 | Lair:1   | Reached skill level 10 in Dodging
 14143 | Lair:1   | Reached **** piety under Vehumet
 14289 | Lair:1   | Noticed Harold
 14292 | Lair:1   | Killed Harold
 14293 | Lair:1   | Reached skill level 5 in Conjurations
 14293 | Lair:1   | Reached XP level 11. HP: 53/53 MP: 13/24
 14570 | Lair:1   | Offered knowledge of Bolt of Magma by Vehumet.
 14577 | Lair:1   | Learned a level 5 spell: Bolt of Magma
 14989 | Lair:1   | Noticed a six-headed hydra
 15004 | Lair:1   | Killed a six-headed hydra
 15265 | Lair:2   | Found a staircase to the Swamp.
 15269 | Lair:2   | Reached skill level 1 in Earth Magic
 15378 | Lair:2   | Found a hole to the Spider Nest.
 15472 | Lair:2   | Found a frozen archway.
 15528 | IceCv    | Entered an ice cave
 15528 | IceCv    | Noticed a white ugly thing
 15897 | Lair:2   | Noticed an oklob plant
 15897 | Lair:2   | Noticed an oklob plant
 15897 | Lair:2   | Noticed an oklob plant
 16590 | Lair:2   | Reached skill level 9 in Spellcasting
 17220 | Lair:3   | Noticed Rupert
 17225 | Lair:3   | Reached skill level 5 in Fire Magic
 17722 | Lair:3   | Noticed an eight-headed hydra
 17806 | Lair:2   | Killed an eight-headed hydra
 17807 | Lair:2   | Reached XP level 12. HP: 22/59 MP: 7/26
 18062 | Lair:3   | Paralysed by Rupert for 2 turns
 18064 | Lair:3   | Killed Rupert
 18065 | Lair:3   | Reached skill level 5 in Fighting
 18483 | Lair:3   | Reached ***** piety under Vehumet
 18523 | Lair:3   | Offered knowledge of Spellforged Servitor by Vehumet.
 18747 | Lair:3   | Reached skill level 1 in Shields
 19145 | Lair:3   | Reached skill level 10 in Spellcasting
 20237 | Lair:4   | Noticed an eight-headed hydra
 20248 | Lair:3   | Killed an eight-headed hydra
 20715 | D:10     | Found Aghylaecomp's Distillery.
 20752 | D:10     | Bought the ring of the Greedy {Fire rPois Will++ Dex-2
                  | Stlth+} for 604 gold pieces
 21372 | D:11     | Reached XP level 13. HP: 63/65 MP: 8/28
 21520 | D:11     | Found Boar's Magic Scroll Emporium.
 22095 | D:11     | Offered knowledge of Starburst by Vehumet.
 22106 | D:11     | Learned a level 6 spell: Starburst
 22314 | D:12     | Found a flagged portal.
 22323 | Bailey   | Entered a bailey
 22666 | D:12     | Reached skill level 11 in Spellcasting
 23761 | D:12     | Found a staircase to the Orcish Mines.
 23850 | D:12     | Offered knowledge of Orb of Destruction by Vehumet.
 23860 | D:12     | Learned a level 7 spell: Orb of Destruction
 24120 | D:10     | Bought an uncursed ring of fire for 350 gold pieces
 24184 | Orc:1    | Entered Level 1 of the Orcish Mines
 24492 | Orc:2    | Entered Level 2 of the Orcish Mines
 24492 | Orc:2    | Found a staircase to the Elven Halls.
 24742 | Orc:2    | Noticed Donald
 25585 | D:13     | Found a blossoming altar of Fedhas.
 26062 | D:13     | Found a gate to the Vaults.
 26113 | D:13     | Reached XP level 14. HP: 72/72 MP: 3/30
 26581 | D:14     | Found a stormy altar of Qazlal.
 27179 | D:14     | Noticed Roxanne
 27897 | D:15     | Entered Level 15 of the Dungeon
 27934 | D:15     | Found Cire's Armour Boutique.
 27967 | D:15     | Found a staircase to the Depths.
 28998 | Lair:4   | Noticed Nessos
 29006 | Lair:4   | Killed Nessos
 29007 | Lair:4   | Reached skill level 12 in Spellcasting
 29101 | Lair:4   | Offered knowledge of Conjure Ball Lightning by Vehumet.
 29142 | Lair:4   | Reached skill level 10 in Conjurations
 30328 | Lair:5   | Reached skill level 5 in Shields
 31367 | Lair:6   | Entered Level 6 of the Lair of Beasts
 31690 | Lair:5   | Reached XP level 15. HP: 40/77 MP: 19/32
 32147 | Lair:6   | Offered knowledge of Iskenderun's Battlesphere by Vehumet.
 32604 | Lair:6   | Reached ****** piety under Vehumet
 33218 | Lair:6   | Got a transparent robe
 33229 | Lair:6   | Identified the +2 robe "Fineob" {Dex+2} (You found it on
                  | level 6 of the Lair of Beasts)
 33404 | Lair:6   | Reached skill level 10 in Fire Magic
 33589 | Lair:6   | Found a viscous altar of Jiyva.
 33589 | Lair:6   | Found a staircase to the Slime Pits.
 34121 | D:12     | Killed Donald
 34122 | D:12     | Reached skill level 13 in Spellcasting
 34362 | Orc:2    | Noticed an orc warlord
 34377 | Orc:1    | Killed an orc warlord
 34521 | Orc:2    | Offered knowledge of Yara's Violent Unravelling by Vehumet.
 35689 | Orc:2    | Found Avunim's Assorted Antiques.
 35689 | Orc:2    | Found Donos's Armour Boutique.
 35690 | Orc:2    | Found Helephya's Book Shop.
 35690 | Orc:2    | Found Natha's Antique Weapon Emporium.
 35732 | Orc:2    | Bought a +2 buckler of fire resistance for 258 gold pieces
 36013 | D:8      | Bought a scroll of acquirement for 520 gold pieces
 36013 | D:8      | Bought a scroll of vulnerability for 75 gold pieces
 36013 | D:8      | Acquired the ring "Vuvur" {Wiz Int+4}
 36530 | D:15     | Found Potsiaf's Gadget Shop.
 37032 | D:15     | Reached XP level 16. HP: 81/81 MP: 20/34
 37141 | D:15     | Found Ofec's Armour Shoppe.
 37784 | Swamp:1  | Entered Level 1 of the Swamp
 38061 | Swamp:1  | Offered knowledge of Lehudib's Crystal Spear by Vehumet.
 39113 | Swamp:2  | Noticed Louise
 39146 | Swamp:1  | Upgraded the game from 0.27-a0-200-g8ba017916c to
                  | 0.27-a0-203-gd48b2df3c9
 39384 | Swamp:2  | Reached skill level 14 in Spellcasting
 39496 | Swamp:2  | Killed from afar by an eleionoma

Illustrated notes

Levels and vault maps discovered:
D:1:      lordsloth_arrival_two_stooges, layout_loops_cross
D:2:      layout_rooms, serial_bayou, serial_bayou_crossing,
          serial_bayou_pond_d, serial_bayou_shore_b, serial_bayou_shore_a,
          corner_web_ring
D:3:      layout_basic, fountainhead, cheibrodos_gnoll_hut
D:4:      layout_basic, lemuel_coloured_pillars_altar, serial_shops, shop,
          okawaru_altar_gauntlet_db
D:5:      layout_basic, slow_altar_1
D:6:      minmay_evil_eye, layout_basic, basic_altar, minmay_diced_spiral
D:7:      layout_cave_pools, minitemple, elyvilon_altar_5,
          nicolae_ru_awakened_eye, minmay_temple_entry_junction
D:8:      layout_cave_pools, ashenzari_altar_1, kiku_gazebo_garden_becter,
          general_overflow_altar, serial_shops, shop, uniq_grum
D:9:      layout_basic, nicolae_overflow_crystal_walls,
          grunt_lair_entry_orc_guard_hut
D:10:     layout_roguey, serial_shops, nicolae_shop_statue_plus,
          kennysheep_little_box, kennysheep_mini_moat, shop, uniq_nergalle,
          uniq_maurice
D:11:     layout_loops_ring, serial_shops, shop_statue, minivault_4
D:12:     layout_loops_cross, enter_bailey_5, special_room [special_room_bee]
D:13:     layout_basic, ximxim_vaults_locker_room, fedhas_altar_2
D:14:     layout_long_grid, minmay_misc_feat_iff, grunt_qazlal_sundering,
          uniq_roxanne
D:15:     hangedman_depths_entry_try_elsewhere_first, layout_gridville,
          serial_shops, nicolae_shop_temple_entry_statues_fountains,
          nicolae_shop_stone, nicolae_shop_stone
Lair:1:   layout_hall_layers, uniq_harold
Lair:2:   layout_loops_ring, minmay_swamp_entry_reptiles,
          nicolae_spider_entry_non_spiders, nicolae_volcano_entry_s_turn,
          portal_ice_cave_rime, serial_bayou_ford_a, serial_bayou_lagoon_a,
          minmay_lair_oklob_chamber, infiniplex_staircase_pool,
          serial_bayou_shore_b
Lair:3:   regret_index_bee_streams, layout_concentric_octagons,
          grunt_megastairs_2, uniq_rupert
Lair:4:   layout_misc_corridors, beast_lair_carwin_8, grunt_megastairs_1,
          uniq_nessos
Lair:5:   layout_regular_city
Lair:6:   minmay_lair_end_frog_pond, layout_small_grid, slime_altar_1,
          patterned_corridor
Swamp:1:  layout_basic_swamp, hangedman_swamp_pad
Swamp:2:  nzn_winding_woodlands_small [nzn_winding_woodlands_5x15_garden,
          nzn_winding_woodlands_center_pierced_h,
          nzn_winding_woodlands_5x15_zeroes], layout_basic_swamp,
          nicolae_swamp_orc_logging_accident, swamp_pool2,
          grunt_lady_of_the_lake, uniq_louise
Orc:1:    layout_caves
Orc:2:    st_orc_ogre_mass, layout_caves, uniq_donald

Skill      XL: |  1  2  3  4  5  6  7  8  9 10 11 12 13 14 15 16 |
---------------+-------------------------------------------------+-----
Spellcasting   | 3 4 5 6 7 8 9 10 11 12 13 14 | 14.0
Transmutations | 2 3 |  3.0
Stealth        | 4 5 6 8 9 11 12 | 12.5
Dodging        | 4 5 6 7 9 10 11 | 11.6
Conjurations   | 1 2 3 5 6 8 9 10 11 12 | 12.1
Fire Magic     | 1 2 3 4 5 6 7 9 10 11 | 11.4
Air Magic      | 1 2 |  2.0
Poison Magic   | 4 6 7 |  7.0
Fighting       | 1 2 3 4 6 7 |  7.7
Earth Magic    | 2 3 |  3.0
Shields        | 2 4 5 6 7 |  7.0

Action                   |  1- 3 |  4- 6 |  7- 9 | 10-12 | 13-15 | 16-18 || total
-------------------------+-------+-------+-------+-------+-------+-------++-------
Melee: Unarmed           |     1 |       |       |       |       |       ||     1
       Dagger            |    29 |    63 |   140 |   193 |   252 |    14 ||   691
 Cast: Sting             |    63 |   149 |   259 |   186 |    25 |       ||   682
       Mephitic Cloud    |       |       |    18 |    11 |     1 |       ||    30
       Ignite Poison     |       |       |    16 |    49 |    73 |     2 ||   140
       Olgreb's Toxic Ra |       |       |     5 |    97 |   135 |     6 ||   243
       Sticky Flame      |       |       |     2 |     5 |    31 |     9 ||    47
       Fireball          |       |       |       |    59 |   258 |    63 ||   380
       Bolt of Magma     |       |       |       |    11 |       |       ||    11
       Starburst         |       |       |       |       |    15 |     3 ||    18
       Orb of Destructio |       |       |       |       |     4 |     3 ||     7
Evoke: Wand              |       |       |    15 |    15 |     6 |       ||    36
       Box of beasts     |       |       |       |       |     1 |       ||     1
  Use: Potion            |       |     1 |     1 |       |       |       ||     2
       Scroll            |       |     7 |     5 |     7 |    14 |     2 ||    35
 Stab: Sleeping          |     4 |     1 |    10 |     3 |     6 |       ||    24
       Invisible         |       |       |     1 |       |       |       ||     1
       Paralysed         |       |       |     2 |     4 |       |       ||     6
       Distracted        |       |       |       |     1 |     1 |       ||     2
Armor: Robe              |     5 |    13 |    28 |    34 |    13 |       ||    93
Dodge: Dodged            |    37 |   130 |   233 |   337 |   359 |    17 ||  1113
Block: Other             |       |    12 |    68 |    92 |    53 |       ||   225
       Reflection        |       |       |     2 |       |     3 |       ||     5
       Buckler           |       |       |       |       |   123 |    18 ||   141

Table legend: (Time is in decaauts)
 A = Elapsed time spent in this place.
 B = Non-inter-level travel time spent in this place.
 C = Inter-level travel time spent in this place.
 D = Time resting spent in this place.
 E = Time spent auto-exploring this place.
 F = Levels seen in this place.
 G = Mean time per level.
                   A        B        C        D        E       F      G
               +--------+--------+--------+--------+--------+-----+--------+
         Total |  33326 |  32024 |   1302 |  11058 |  15797 |  27 | 1234.3 |
       Dungeon |  18445 |  17636 |    809 |   4770 |   9871 |  15 | 1229.7 |
          Lair |  10978 |  10640 |    338 |   4695 |   4424 |   6 | 1829.7 |
         Swamp |   1195 |   1158 |     37 |    408 |    606 |   2 |  597.5 |
  Orcish Mines |   2444 |   2327 |    117 |   1040 |    872 |   2 | 1222.0 |
        Bailey |    258 |    258 |      0 |    143 |     22 |   1 |  258.0 |
      Ice Cave |      4 |      4 |      0 |      0 |      0 |   1 |    4.0 |
               +--------+--------+--------+--------+--------+-----+--------+

Top non-repeatable levels by time:
  Lair:2: 2854 daAuts
  Lair:3: 2546 daAuts
  Lair:5: 1884 daAuts
     D:3: 1875 daAuts
    D:11: 1763 daAuts
   Orc:1: 1631 daAuts
     D:7: 1538 daAuts
    D:12: 1520 daAuts
     D:9: 1442 daAuts
    D:14: 1402 daAuts
  Lair:1: 1389 daAuts
     D:6: 1308 daAuts
     D:5: 1236 daAuts
  Lair:6: 1233 daAuts
 Swamp:1: 1131 daAuts
